 Dungeon Crawl Stone Soup version 0.31-a0-1598-g94871bc2e8 (webtiles) character file.

Game seed: 9062920514046346502

350 Inarius the Chopper (level 6, -9/43 HPs)
             Began as an Octopode Fighter on Jan 7, 2024.
             Mangled by an ogre
             ... wielding a +0 giant spiked club
              (18 damage)
             ... on level 4 of the Dungeon.
             The game lasted 00:02:36 (3041 turns).

Inarius the Chopper (Octopode Fighter)              Turns: 3041, Time: 00:02:37

Health: -9/43      AC:  1    Str: 15    XL:     6   Next: 60%
Magic:  6/6        EV: 14    Int: 10    God:
Gold:   227        SH:  5    Dex: 14    Spells: 5/5 levels left

rFire   . . .        a - +0 war axe
rCold   . . .        b - +0 buckler
rNeg    . . .        (helmet restricted)
rPois   .            (no amulet)
rElec   .            o - ring of flight
rCorr   .            (no ring)
SInv    .            (no ring)
Will    .....        (no ring)
Stlth   +++          (no ring)
HPRegen 0.27/turn    (no ring)
MPRegen 0.10/turn    (no ring)
                     (no ring)

%: no passive effects
@: about to teleport, flying
A: almost no armour, amphibious, 8 rings, camouflage 1, gelatinous body 1,
(nimble swimmer 1), tentacles
a: no special abilities


You were on level 4 of the Dungeon.
You visited 1 branch of the dungeon, and saw 4 of its levels.

You collected 227 gold pieces.

Inventory:

Hand Weapons
 a - a +0 war axe (weapon)
Armour
 b - a +0 buckler (worn)
Jewellery
 o - a ring of flight (left tentacle)
Scrolls
 d - 2 scrolls of amnesia {unknown}
 e - 2 scrolls of teleportation
 f - 2 scrolls of poison {unknown}
 g - a scroll of fear {unknown}
 h - a scroll of revelation {unknown}
 i - a scroll of immolation {unknown}
 j - a scroll of acquirement {unknown}
 n - a scroll of torment {unknown}
 r - a scroll of enchant armour {unknown}
Potions
 c - 2 potions of might
 k - 2 potions of curing {unknown}
 l - a potion of haste {unknown}
 m - a potion of ambrosia {unknown}
 p - a potion of heal wounds {unknown}
 s - 2 potions of brilliance {unknown}


   Skills:
 + Level 3.9 Fighting
 + Level 4.2 Axes
 + Level 3.7 Dodging
 + Level 3.6 Stealth
 + Level 3.4 Shields
 * Level 2.0 Evocations


You had 5 spell levels left.
You didn't know any spells.
Your spell library contained the following spells:

 Spells                   Type           Power      Damage    Failure   Level
 Freeze                   Ice            0%         1d3       45%         1
 Magic Dart               Conj           0%         1d3       45%         1
 Blink                    Tloc           0%         N/A       58%         2
 Call Imp                 Summ           0%         N/A       58%         2
 Frozen Ramparts          Ice            0%         1d1       83%         3
 Hailstorm                Conj/Ice       0%         3d5       83%         3


Dungeon Overview and Level Annotations

Branches:
Dungeon (4/15)
 Temple: D:4-7

Altars:
Fedhas

Annotations:
D:3 2 transporters, AceOff's ghost, amateur FoFi


Innate Abilities, Weirdness & Mutations

You cannot wear most types of armour.
You are amphibious.
You can wear up to eight rings at the same time.
Your skin changes colour to match your surroundings (Stealth+).
Your rubbery body absorbs attacks. (AC +1, EV +1)
((You are camouflaged when in or above water. (Stealth+)))
You have tentacles for arms and can constrict up to eight enemies at once.


Message History

The orc closely misses you. The orc hits you but does no damage.
You hit the orc but do no damage. Your grab misses the orc.
The orc is lightly wounded.
The orc hits you with a +0 short sword.
You slash the orc!
You kill the orc!
No target in view!
No target in view!
Things that are here:
a +0 short sword; an orc corpse An ogre comes into view.
It is wielding a +0 giant spiked club.
Okay, then.
s - 2 red potions
Aiming: Paralyse
Press: ? - help, Shift-Dir - straight line, f - ogre
Aim: an ogre, wielding a +0 giant spiked club (asleep, chance to affect: 54%)
The ogre resists with significant effort.
Aiming: Paralyse
Press: ? - help, Shift-Dir - straight line, f/p - ogre
Aim: an ogre, wielding a +0 giant spiked club (chance to affect: 54%)
The ogre resists with significant effort.
Unknown command.
Aiming: Paralyse
Press: ? - help, Shift-Dir - straight line, f/p - ogre
Aim: an ogre, wielding a +0 giant spiked club (chance to affect: 54%)
The ogre resists with significant effort.
You block the ogre's attack.
Aiming: Paralyse
Press: ? - help, Shift-Dir - straight line, f/p - ogre
Aim: an ogre, wielding a +0 giant spiked club (chance to affect: 54%)
The ogre resists with significant effort.
The now-empty wand crumbles to dust.
The ogre hits you with a +0 giant spiked club!!
Ouch! That really hurt!
* * * LOW HITPOINT WARNING * * *
As you read the scroll labelled JOROTE OLOCWO, it crumbles to dust.
You feel strangely unstable.
It was a scroll of teleportation.
The ogre attacks as it pursues you!
The ogre hits you with a +0 giant spiked club!!
You die...

... ... ...... #.#
...... .......... #
#.##..... ..# .#.
##.#.##... ).###.#.##
#....##.#### #.##......
#..##O.....###.##..#.##
#.....@........##..#.##
#.###.##.#.###.......##
#.........).##.##..####
#####.##.#.............
#.##.#.###.##......
#....[.....##.####.
#############.##...
#.##.#. #.##.#.


You could see an ogre.

Vanquished Creatures
  A black bear (D:4)
  An ogre (D:4)
  A howler monkey (D:4)
  Crazy Yiuf (D:4)
  4 adders
  6 dart slugs
  2 orcs
  3 bats
  5 endoplasms
  4 giant cockroaches
  6 goblins
  13 hobgoblins
  8 kobolds
  A quokka (D:1)
  6 ball pythons
  5 rats
67 creatures vanquished.

Notes
Turn   | Place    | Note
-------+----------+-------------------------------------------
     0 | D:1      | Inarius the Octopode Fighter began the quest for the Orb.
     0 | D:1      | Reached XP level 1. HP: 16/16 MP: 1/1
    87 | D:1      | Reached XP level 2. HP: 9/21 MP: 2/2
   377 | D:1      | Reached XP level 3. HP: 18/26 MP: 3/3
  1307 | D:2      | Reached XP level 4. HP: 26/32 MP: 4/4
  1395 | D:2      | Reached skill level 3 in Axes
  1812 | D:3      | Found the +5 woodcutter's axe
  1834 | D:3      | Reached skill level 1 in Stealth
  1853 | D:3      | Noticed AceOff's ghost (amateur FoFi)
  1853 | D:3      | Identified the +1 buckler "Urozi" {rN+}
  1853 | D:3      | Noticed a gnoll sergeant
  2201 | D:3      | Found a transporter.
  2202 | D:3      | Found a transporter.
  2510 | D:4      | Noticed a phantom
  2541 | D:4      | Noticed an ogre
  2550 | D:4      | Killed an ogre
  2551 | D:4      | Reached skill level 1 in Evocations
  2551 | D:4      | Reached XP level 5. HP: 37/37 MP: 5/5
  2573 | D:4      | Reached XP level 6. HP: 43/43 MP: 6/6
  2593 | D:4      | Found a blossoming altar of Fedhas.
  2763 | D:4      | Found a runed translucent door.
  2764 | D:4      | Noticed Crazy Yiuf
  2804 | D:4      | Noticed a black bear
  2814 | D:4      | Killed a black bear
  2815 | D:4      | Reached skill level 4 in Axes
  2882 | D:4      | Killed Crazy Yiuf
  3041 | D:4      | Mangled by an ogre

Illustrated notes

Levels and vault maps discovered:
D:1:      eino_arrival_water_cross, layout_loops_ring, minmay_split_cup_small
D:2:      layout_loops_corners, minmay_misc_feat_roman, minmay_misc_feat_cross
D:3:      layout_loops_ring, gammafunk_ghost_gnarly_gnolls
D:4:      layout_loops_cross, fedhas_altar_fruit_tree, uniq_crazy_yiuf_cottage

Skill      XL: |  1  2  3  4  5  6 |
---------------+-------------------+-----
Axes           | 3 4 |  4.2
Stealth        | 2 3 |  3.6
Evocations     | 1 2 |  2.0
Fighting       | |  3.9
Dodging        | |  3.7
Shields        | |  3.4

Action                     |  1- 3 |  4- 6 || total
---------------------------+-------+-------++-------
  Melee: War axe           |    70 |    56 ||   126
         Constrict         |    16 |    14 ||    30
         Tentacles         |     7 |    10 ||    17
         Punch             |     1 |       ||     1
  Evoke: Wand              |       |     5 ||     5
    Use: Scroll            |       |     1 ||     1
   Stab: Sleeping          |     6 |     7 ||    13
         Paralysed         |       |     3 ||     3
 Armour: Skin              |    31 |    26 ||    57
  Dodge: Dodged            |    54 |    32 ||    86
  Block: Buckler           |    16 |    13 ||    29

Table legend: (Time is in decaauts)
 A = Elapsed time spent in this place.
 B = Non-inter-level travel time spent in this place.
 C = Inter-level travel time spent in this place.
 D = Time resting spent in this place.
 E = Time spent auto-exploring this place.
 F = Levels seen in this place.
 G = Mean time per level.
                   A        B        C        D        E       F      G
               +--------+--------+--------+--------+--------+-----+--------+
         Total |   3090 |   2968 |    122 |    149 |   2325 |   4 |  772.5 |
       Dungeon |   3090 |   2968 |    122 |    149 |   2325 |   4 |  772.5 |
               +--------+--------+--------+--------+--------+-----+--------+

Top non-repeatable levels by time:
     D:2: 943 daAuts
     D:1: 881 daAuts
     D:3: 664 daAuts
     D:4: 600 daAuts
